| TOP OF THE 1ST |
|
Greeneville Astros batting - Pitching for Boston (APP) Red Sox : LHP Ryan Davis
|
|
Pitching: LHP Ryan Davis
|
|
|
Batting: LHB Bert Middleton
|
0-0: Swinging Strike 0-1: Ball 1-1: Ball 2-1: Ball 3-1: Foul Ball, location: 2F 3-2: Base on Balls
|
|
Batting: LHB Guadalupe Gonzalez
|
0-0: Ball 1-0: Ball 2-0: Ball 3-0: Base on Balls Bert Middleton to second
|
|
Batting: SHB Steve Ramsey
|
0-0: Grounds into double play, 6-4-3 (Groundball, 6, EV 108.8 MPH) Bert Middleton to third
|
|
Batting: LHB Josh Glass
|
0-0: Ball 1-0: Ball 2-0: Foul Ball, location: 2F 2-1: Foul Ball, location: 2F 2-2: Foul Ball, location: 2F 2-2: Ball 3-2: SINGLE (Groundball, 34D, EV 103.1 MPH) Bert Middleton scores
|
|
Batting: RHB Edward Chan
|
0-0: Foul Ball, location: 2F 0-1: Ball 1-1: Ball 2-1: Ball 3-1: Base on Balls Josh Glass to second
|
|
Batting: RHB Josh Reisner
|
0-0: Called Strike 0-1: Ball 1-1: Foul Ball, location: 2F 1-2: Ball 2-2: SINGLE (Groundball, 56D, EV 99.4 MPH) Josh Glass to third Edward Chan to second Runner from 3rd tries for Home, SAFE, throw by LF to home
|
|
Batting: RHB Fernando Acosta
|
0-0: Ball 1-0: Ball 2-0: Ball 3-0: Base on Balls Edward Chan to third Josh Reisner to second
|
|
Batting: LHB Casper Significant
|
0-0: Called Strike 0-1: Foul Ball, location: 2F 0-2: Ball 1-2: Strikes out looking
|
| Top of the 1st over - 2 runs, 2 hits, 0 errors, 3 left on base; Greeneville 2 - Boston (APP) 0 |
| BOTTOM OF THE 1ST |
|
Boston (APP) Red Sox batting - Pitching for Greeneville Astros : LHP Jorge Ortiz
|
|
Pitching: LHP Jorge Ortiz
|
|
|
Batting: RHB Kirk Cully
|
0-0: Called Strike 0-1: Foul Ball, location: 2F 0-2: Ball 1-2: Ball 2-2: SINGLE (Line Drive, 78S, EV 98.8 MPH)
|
|
Batting: RHB Bob Reichley
|
0-0: Called Strike 0-1: Ball 1-1: Called Strike 1-2: Foul Ball, location: 2F 1-2: Ball 2-2: Ball 3-2: Strikes out swinging
|
|
Batting: RHB Felix Rangel
|
0-0: Ball 1-0: Called Strike Kirk Cully steals 2nd, throwing error, E2 Kirk Cully to third 1-1: Ball 2-1: Ball 3-1: Base on Balls
|
|
Batting: SHB Matsudaira Ikeda
|
0-0: Ball 1-0: Foul Ball, location: 2F 1-1: Ball 2-1: Foul Ball, location: 2F 2-2: 3-RUN HOME RUN (Flyball, 7D, EV 96.9 MPH), Distance : 372 ft
|
|
Batting: RHB Eric Kent
|
0-0: Foul Ball, location: 2F 0-1: Ground out 6-3 (Groundball, 6, EV 87.5 MPH)
|
|
Batting: RHB Estevan Carrillo
|
0-0: Ball 1-0: Ground out 5-3 (Groundball, 56S, EV 83.8 MPH)
|
| Bottom of the 1st over - 3 runs, 2 hits, 1 error, 0 left on base; Greeneville 2 - Boston (APP) 3 |
| TOP OF THE 2ND |
|
Greeneville Astros batting - Pitching for Boston (APP) Red Sox : LHP Ryan Davis
|
|
Batting: RHB Kenny Beall
|
0-0: Ball 1-0: Called Strike 1-1: Swinging Strike 1-2: Strikes out looking
|
|
Batting: LHB Bert Middleton
|
0-0: Swinging Strike 0-1: Fly out, F8 (Flyball, 8RM, EV 89.4 MPH)
|
|
Batting: LHB Guadalupe Gonzalez
|
0-0: Ball 1-0: Called Strike 1-1: Fly out, F7 (Flyball, 7, EV 83.8 MPH)
|
| Top of the 2nd over - 0 runs, 0 hits, 0 errors, 0 left on base; Greeneville 2 - Boston (APP) 3 |
| BOTTOM OF THE 2ND |
|
Boston (APP) Red Sox batting - Pitching for Greeneville Astros : LHP Jorge Ortiz
|
|
Batting: RHB Ryan Davis
|
0-0: Fly out, F8 (Flyball, 78D, EV 102.5 MPH)
|
|
Batting: RHB Wayne Whimster
|
0-0: Ball 1-0: Ball 2-0: Ball 3-0: Called Strike 3-1: Foul Ball, location: 2F 3-2: Base on Balls
|
|
Batting: RHB Luis Nino
|
0-0: Called Strike 0-1: DOUBLE (Line Drive, 9LM, EV 107.5 MPH) Wayne Whimster to third
|
|
Batting: RHB Kirk Cully
|
0-0: Ball 1-0: Called Strike 1-1: Foul Ball, location: 2F 1-2: Ball 2-2: Foul Ball, location: 2F 2-2: Strikes out swinging
|
|
Batting: RHB Bob Reichley
|
0-0: Ball 1-0: Ball 2-0: DOUBLE (Line Drive, 89D, EV 106.2 MPH) Wayne Whimster scores Luis Nino scores
|
|
Batting: RHB Felix Rangel
|
0-0: Ball 1-0: Ball 2-0: DOUBLE (Flyball, 78XD, EV 100.0 MPH) Bob Reichley scores
|
|
Batting: SHB Matsudaira Ikeda
|
0-0: Called Strike 0-1: Foul Ball, location: 2F 0-2: SINGLE (Groundball, 56D, EV 103.1 MPH) Felix Rangel to third Runner from 3rd tries for Home, throw by LF and OUT! 7-2
|
| Bottom of the 2nd over - 3 runs, 4 hits, 0 errors, 1 left on base; Greeneville 2 - Boston (APP) 6 |
| TOP OF THE 3RD |
|
Greeneville Astros batting - Pitching for Boston (APP) Red Sox : LHP Ryan Davis
|
|
Batting: SHB Steve Ramsey
|
0-0: Called Strike 0-1: Swinging Strike 0-2: Strikes out swinging
|
|
Batting: LHB Josh Glass
|
0-0: Called Strike 0-1: Ball 1-1: Swinging Strike 1-2: Ball 2-2: Ball 3-2: Base on Balls
|
|
Batting: RHB Edward Chan
|
0-0: Ball 1-0: Ball Wild Pitch! Josh Glass to second 2-0: Ball 3-0: Base on Balls
|
|
Batting: RHB Josh Reisner
|
0-0: Foul Ball, location: 2F 0-1: Ball 1-1: Swinging Strike 1-2: Ball 2-2: Strikes out swinging
|
|
Batting: RHB Fernando Acosta
|
0-0: SINGLE (Groundball, 6MD, EV 107.5 MPH) Josh Glass to third Edward Chan to second Runner from 3rd tries for Home, SAFE, throw by CF to home
|
|
Batting: LHB Casper Significant
|
0-0: Ground out 4-3 (Groundball, 4M, EV 100.6 MPH)
|
| Top of the 3rd over - 1 run, 1 hit, 0 errors, 2 left on base; Greeneville 3 - Boston (APP) 6 |
| BOTTOM OF THE 3RD |
|
Boston (APP) Red Sox batting - Pitching for Greeneville Astros : LHP Jorge Ortiz
|
|
Batting: RHB Eric Kent
|
0-0: Swinging Strike 0-1: Ball 1-1: Swinging Strike 1-2: Ball 2-2: Ball 3-2: Strikes out swinging
|
|
Batting: RHB Estevan Carrillo
|
0-0: Ball 1-0: Swinging Strike 1-1: Foul Ball, location: 2F 1-2: Strikes out swinging
|
|
Batting: RHB Ryan Davis
|
0-0: Called Strike 0-1: Ball 1-1: Fly out, F9 (Flyball, 9, EV 76.9 MPH)
|
| Bottom of the 3rd over - 0 runs, 0 hits, 0 errors, 0 left on base; Greeneville 3 - Boston (APP) 6 |
| TOP OF THE 4TH |
|
Greeneville Astros batting - Pitching for Boston (APP) Red Sox : LHP Ryan Davis
|
|
Batting: RHB Kenny Beall
|
0-0: Ball 1-0: Called Strike 1-1: Ball 2-1: Called Strike 2-2: Ground out 5-3 (Groundball, 56, EV 76.9 MPH)
|
|
Batting: LHB Bert Middleton
|
0-0: Fly out, F8 (Line Drive, 8RS, EV 91.2 MPH)
|
|
Batting: LHB Guadalupe Gonzalez
|
0-0: Ball 1-0: Called Strike 1-1: Ball 2-1: Ball 3-1: Foul Ball, location: 2F 3-2: Foul Ball, location: 2F 3-2: Base on Balls
|
|
Batting: SHB Steve Ramsey
|
0-0: Fly out, F8 (Flyball, 8RXD, EV 94.4 MPH)
|
| Top of the 4th over - 0 runs, 0 hits, 0 errors, 1 left on base; Greeneville 3 - Boston (APP) 6 |
| BOTTOM OF THE 4TH |
|
Boston (APP) Red Sox batting - Pitching for Greeneville Astros : LHP Jorge Ortiz
|
|
Batting: RHB Wayne Whimster
|
0-0: Called Strike 0-1: Ball 1-1: Swinging Strike 1-2: Foul Ball, location: 2F 1-2: Ball 2-2: Ball 3-2: Foul Ball, location: 2F 3-2: Base on Balls
|
|
Batting: RHB Luis Nino
|
0-0: Ball 1-0: Foul Ball, location: 2F 1-1: Ball 2-1: Fielders Choice at 2nd, 6-4 (Groundball, 6, EV 85.0 MPH)
|
|
Batting: RHB Kirk Cully
|
0-0: Ball 1-0: Fly out, F9 (Line Drive, 9S, EV 105.0 MPH)
|
|
Batting: RHB Bob Reichley
|
0-0: Ball 1-0: Called Strike 1-1: Swinging Strike 1-2: Foul Ball, location: 2F 1-2: Ball 2-2: Strikes out swinging
|
| Bottom of the 4th over - 0 runs, 0 hits, 0 errors, 1 left on base; Greeneville 3 - Boston (APP) 6 |
| TOP OF THE 5TH |
|
Greeneville Astros batting - Pitching for Boston (APP) Red Sox : LHP Ryan Davis
|
|
Batting: LHB Josh Glass
|
0-0: Foul Ball, location: 2F 0-1: Ball 1-1: Foul Ball, location: 2F 1-2: Foul Ball, location: 2F 1-2: Ball 2-2: Ball 3-2: Ground out 4-3 (Groundball, 4, EV 99.4 MPH)
|
|
Pitching: RHP Robby Arce
|
|
|
Batting: RHB Edward Chan
|
0-0: Swinging Strike 0-1: Called Strike 0-2: Ball 1-2: Foul Ball, location: 2F 1-2: Foul Ball, location: 2F 1-2: Ball 2-2: Foul Ball, location: 2F 2-2: Ball 3-2: Base on Balls
|
|
Batting: RHB Josh Reisner
|
0-0: Called Strike 0-1: Called Strike 0-2: Reached on error, E8 (Flyball, 8RXD, EV 96.2 MPH) Edward Chan to third
|
|
Batting: RHB Fernando Acosta
|
0-0: Fly out, F9 (Flyball, 9, EV 86.2 MPH)
|
|
Batting: LHB Casper Significant
|
0-0: Called Strike 0-1: Ball 1-1: Ball 2-1: Called Strike 2-2: Foul Ball, location: 2F 2-2: Strikes out swinging
|
| Top of the 5th over - 0 runs, 0 hits, 1 error, 2 left on base; Greeneville 3 - Boston (APP) 6 |
| BOTTOM OF THE 5TH |
|
Boston (APP) Red Sox batting - Pitching for Greeneville Astros : LHP Jorge Ortiz
|
|
Pitching: LHP Jeremy Mellott
|
|
|
Batting: RHB Felix Rangel
|
0-0: Called Strike 0-1: Swinging Strike 0-2: Ball 1-2: Ball 2-2: Ball 3-2: Base on Balls
|
|
Batting: SHB Matsudaira Ikeda
|
0-0: Ball 1-0: Ball 2-0: Ball Felix Rangel steals 2nd, throwing error, E2 Felix Rangel to third 3-0: Base on Balls
|
|
Batting: RHB Eric Kent
|
0-0: Called Strike 0-1: Fly out, F7 (Flyball, 7LSF, EV 94.4 MPH)
|
|
Batting: RHB Estevan Carrillo
|
0-0: Ball 1-0: Ball 2-0: Ball 3-0: Fly out, F9 (Line Drive, 9, EV 90.0 MPH)
|
|
Batting: RHB Ryan Davis
|
0-0: Called Strike 0-1: Ball 1-1: Fielders Choice at 2nd, 5-4 (Groundball, 56, EV 83.8 MPH)
|
| Bottom of the 5th over - 0 runs, 0 hits, 1 error, 2 left on base; Greeneville 3 - Boston (APP) 6 |
| TOP OF THE 6TH |
|
Greeneville Astros batting - Pitching for Boston (APP) Red Sox : RHP Robby Arce
|
|
Batting: RHB Kenny Beall
|
0-0: Foul Ball, location: 2F 0-1: Foul Ball, location: 2F 0-2: Strikes out swinging
|
|
Batting: LHB Bert Middleton
|
0-0: Called Strike 0-1: Ball 1-1: Called Strike 1-2: Fly out, F8 (Flyball, 78D, EV 100.6 MPH)
|
|
Batting: LHB Guadalupe Gonzalez
|
0-0: Ball 1-0: Called Strike 1-1: Foul Ball, location: 2F 1-2: Foul Ball, location: 2F 1-2: Strikes out swinging
|
| Top of the 6th over - 0 runs, 0 hits, 0 errors, 0 left on base; Greeneville 3 - Boston (APP) 6 |
| BOTTOM OF THE 6TH |
|
Boston (APP) Red Sox batting - Pitching for Greeneville Astros : LHP Jeremy Mellott
|
|
Batting: RHB Wayne Whimster
|
0-0: SOLO HOME RUN (Flyball, 9D, EV 90.6 MPH), Distance : 359 ft
|
|
Batting: RHB Luis Nino
|
0-0: Called Strike 0-1: Ball 1-1: Ball 2-1: Foul Ball, location: 2F 2-2: Foul Ball, location: 2F 2-2: Strikes out swinging
|
|
Pitching: LHP Joe Sellick
|
|
|
Batting: RHB Kirk Cully
|
0-0: Ball 1-0: Ball 2-0: Called Strike 2-1: Ball 3-1: Fly out, F9 (Flyball, 9, EV 71.9 MPH)
|
|
Batting: RHB Bob Reichley
|
0-0: Called Strike 0-1: DOUBLE (Groundball, 5L, EV 107.5 MPH)
|
|
Batting: RHB Felix Rangel
|
0-0: Swinging Strike 0-1: Fly out, F9 (Flyball, 9, EV 92.5 MPH)
|
| Bottom of the 6th over - 1 run, 2 hits, 0 errors, 1 left on base; Greeneville 3 - Boston (APP) 7 |
| TOP OF THE 7TH |
|
Greeneville Astros batting - Pitching for Boston (APP) Red Sox : RHP Robby Arce
|
|
Batting: SHB Steve Ramsey
|
0-0: Swinging Strike 0-1: Ball 1-1: Ball 2-1: Called Strike 2-2: Strikes out swinging
|
|
Batting: LHB Josh Glass
|
0-0: Called Strike 0-1: Ball 1-1: Swinging Strike 1-2: Foul Ball, location: 2F 1-2: Ball 2-2: Ball 3-2: Base on Balls
|
|
Batting: RHB Edward Chan
|
0-0: Swinging Strike 0-1: Ball 1-1: 2-RUN HOME RUN (Flyball, 7D, EV 98.1 MPH), Distance : 386 ft
|
|
Batting: RHB Josh Reisner
|
0-0: Foul Ball, location: 2F 0-1: Swinging Strike 0-2: Ball 1-2: Ball 2-2: Foul Ball, location: 2F 2-2: Strikes out looking
|
|
Batting: RHB Fernando Acosta
|
0-0: Ball 1-0: Ball 2-0: Fly out, F8 (Flyball, 8LD, EV 91.2 MPH)
|
| Top of the 7th over - 2 runs, 1 hit, 0 errors, 0 left on base; Greeneville 5 - Boston (APP) 7 |
| BOTTOM OF THE 7TH |
|
Boston (APP) Red Sox batting - Pitching for Greeneville Astros : LHP Joe Sellick
|
|
Batting: SHB Matsudaira Ikeda
|
0-0: Ball 1-0: Ball 2-0: Ball 3-0: Base on Balls
|
|
Batting: RHB Eric Kent
|
0-0: Called Strike 0-1: Ball 1-1: Foul Ball, location: 2F 1-2: Foul Ball, location: 2F 1-2: Fielders Choice at 2nd, 1-6 (Groundball, 13S, EV 61.2 MPH)
|
|
Pitching: RHP Marc Marchand
|
|
|
Batting: RHB Estevan Carrillo
|
0-0: Ball 1-0: Fielders Choice at 2nd, 5-4 (Groundball, 5S, EV 88.8 MPH)
|
|
Batting: SHB Jose Santiago
|
0-0: Ball 1-0: Ball 2-0: Called Strike 2-1: Fly out, F5 (Popup, 5L, EV 75.0 MPH)
|
| Bottom of the 7th over - 0 runs, 0 hits, 0 errors, 1 left on base; Greeneville 5 - Boston (APP) 7 |
| TOP OF THE 8TH |
|
Greeneville Astros batting - Pitching for Boston (APP) Red Sox : RHP Robby Arce
|
|
Pitching: RHP Cedric Tyler
|
|
|
Batting: LHB Casper Significant
|
0-0: Ball 1-0: Foul Ball, location: 2F 1-1: Foul Ball, location: 2F 1-2: Ball 2-2: Foul Ball, location: 2F 2-2: Strikes out swinging
|
|
Batting: RHB Kenny Beall
|
0-0: Ball 1-0: Swinging Strike 1-1: Called Strike 1-2: Foul Ball, location: 2F 1-2: Strikes out swinging
|
|
Batting: LHB Bert Middleton
|
0-0: Ball 1-0: Ball 2-0: Foul Ball, location: 2F 2-1: DOUBLE (Line Drive, 78D, EV 113.1 MPH)
|
|
Batting: LHB Guadalupe Gonzalez
|
0-0: Ball 1-0: Called Strike 1-1: Fly out, F7 (Line Drive, 7D, EV 94.4 MPH)
|
| Top of the 8th over - 0 runs, 1 hit, 0 errors, 1 left on base; Greeneville 5 - Boston (APP) 7 |
| BOTTOM OF THE 8TH |
|
Boston (APP) Red Sox batting - Pitching for Greeneville Astros : RHP Marc Marchand
|
|
Batting: RHB Wayne Whimster
|
0-0: Foul Ball, location: 2F 0-1: Foul Ball, location: 2F 0-2: Strikes out swinging
|
|
Batting: RHB Luis Nino
|
0-0: Called Strike 0-1: SOLO HOME RUN (Line Drive, 7D, EV 110.0 MPH), Distance : 391 ft
|
|
Batting: RHB Kirk Cully
|
0-0: Foul Ball, location: 2F 0-1: Called Strike 0-2: Ball 1-2: Foul Ball, location: 2F 1-2: Strikes out swinging
|
|
Batting: RHB Bob Reichley
|
0-0: Ball 1-0: Swinging Strike 1-1: Swinging Strike 1-2: Ball 2-2: Strikes out looking
|
| Bottom of the 8th over - 1 run, 1 hit, 0 errors, 0 left on base; Greeneville 5 - Boston (APP) 8 |
| TOP OF THE 9TH |
|
Greeneville Astros batting - Pitching for Boston (APP) Red Sox : RHP Cedric Tyler
|
|
Pitching: RHP Jose Duran
|
|
|
Batting: SHB Steve Ramsey
|
0-0: Ball 1-0: Called Strike 1-1: Foul Ball, location: 2F 1-2: Fly out, F5 (Popup, 56, EV 67.5 MPH)
|
|
Batting: LHB Josh Glass
|
0-0: Swinging Strike 0-1: Ball 1-1: Foul Ball, location: 2F 1-2: Ball 2-2: Ball 3-2: Base on Balls
|
|
Batting: RHB Edward Chan
|
0-0: Foul Ball, location: 2F 0-1: Ball 1-1: Ball 2-1: Called Strike 2-2: Strikes out swinging
|
|
Batting: RHB Josh Reisner
|
0-0: Ball 1-0: Ball 2-0: Ground out U3 (Groundball, 34S, EV 83.1 MPH)
|
| Top of the 9th over - 0 runs, 0 hits, 0 errors, 1 left on base; Greeneville 5 - Boston (APP) 8 |
|